Map: Oxide LE

Players

Trap - Winner!

  • Race: Protoss Protoss
  • League: Master

DPGZest (Zest)

  • Race: Protoss Protoss

Event: TSL 7

VOD

Have the link to the VOD?

Description

Time

  • Played on: June 26, 2021, 10:38 a.m.
  • Length: 7:36

All games in this series

Show
View Real Time Build Order
Export as new Build Order

Trap Protoss - Winner!

Build Orders: Phoenix Opening 

Get SALT Encoding   

  12  0:00  Probe  
  13  0:12  Probe  
  14  0:18  Pylon  
  14  0:24  Probe (Chrono Boost)  
  15  0:37  Probe (Chrono Boost)  
  15  0:38  Gateway  
  16  0:45  Probe (Chrono Boost)  
  16  0:46  Assimilator  
  17  0:51  Probe  
  17  0:56  Assimilator  
  18  1:03  Probe (Chrono Boost)  
  19  1:05  Pylon  
  19  1:15  Probe (Chrono Boost)  
  20  1:19  Probe (Chrono Boost)  
  20  1:25  Cybernetics Core  
  21  1:29  Probe  
  21  1:32  Zealot  
  24  1:42  Probe  
  25  1:50  Pylon  
  25  1:54  Probe  
  26  2:07  Stalker (Chrono Boost)  
  26  2:09  Stargate  
  26  2:11  Probe  
  29  2:19  Warp Gate  
  29  2:22  Pylon  
  29  2:26  Probe  
  31  2:47  Nexus  
  30  2:54  Phoenix  
  30  2:57  Probe  
  33  3:09  Probe  
  34  3:19  Phoenix (Chrono Boost)  
  36  3:21  Probe  
  36  3:29  Pylon  
  36  3:33  Probe  
  37  3:36  Phoenix (Chrono Boost)  
  39  3:44  Gateway  
  39  3:47  Probe  
  40  3:59  Phoenix (Chrono Boost)  
  40  4:01  Pylon  
  42  4:04  Probe  
  44  4:17  Probe (Chrono Boost)  
  44  4:20  Phoenix (Chrono Boost)  
  44  4:22  Twilight Council  
  46  4:25  Probe (Chrono Boost)  
  46  4:31  Stalker  
  50  4:34  Probe (Chrono Boost)  
  50  4:35  Probe (Chrono Boost)  
  51  4:40  Probe x2 (Chrono Boost)  
  53  4:47  Oracle  
  54  4:55  Probe x2  
  49  5:07  Probe x2  
  51  5:16  Assimilator  
  51  5:19  Probe x2  
  51  5:20  Gateway  
  53  5:23  Gateway  
  53  5:32  Stalker x2  
  53  5:33  Probe x2  
  59  5:42  Blink (Chrono Boost)  
  57  5:45  Probe (Chrono Boost)  
  59  5:50  Probe (Chrono Boost)  
  59  5:51  Pylon  
  59  5:54  Shield Battery  
  59  5:56  Probe (Chrono Boost)  
  60  6:00  Probe (Chrono Boost)  
  61  6:06  Stalker x2  
  63  6:14  Probe x2  
  65  6:19  Adept  
  65  6:20  Adept  
  65  6:23  Shield Battery  
  69  6:29  Stalker x2  
  73  6:34  Pylon  
  73  6:40  Stalker  
  73  6:41  Stalker  
  73  6:43  Pylon  
  77  7:03  Stalker x3  
  80  7:08  Probe x2  
  80  7:10  Stalker  
Show
View Real Time Build Order
Export as new Build Order

DPGZest Protoss 

Build Orders: Oracle Opening 

Get SALT Encoding   

  12  0:00  Probe  
  13  0:12  Probe  
  14  0:17  Pylon  
  14  0:24  Probe (Chrono Boost)  
  15  0:36  Probe (Chrono Boost)  
  15  0:37  Gateway  
  16  0:44  Probe (Chrono Boost)  
  16  0:46  Assimilator  
  17  0:50  Probe  
  18  1:03  Probe (Chrono Boost)  
  19  1:04  Assimilator  
  19  1:05  Pylon  
  20  1:12  Probe (Chrono Boost)  
  20  1:17  Probe (Chrono Boost)  
  20  1:24  Cybernetics Core  
  21  1:29  Probe  
  21  1:31  Zealot  
  24  1:41  Probe  
  25  1:53  Probe  
  26  2:04  Stargate  
  26  2:07  Adept  
  28  2:24  Warp Gate  
  28  2:26  Pylon  
  28  2:38  Nexus, Void Ray (Chrono Boost)  
  28  2:41  Probe  
  32  2:53  Probe  
  32  2:56  Shield Battery  
  33  3:05  Probe, Void Ray (Chrono Boost)  
  34  3:17  Probe  
  34  3:19  Pylon  
  39  3:37  Probe  
  39  3:39  Oracle (Chrono Boost)  
  43  3:49  Probe  
  43  3:50  Probe  
  43  3:54  Gateway  
  45  4:01  Probe  
  46  4:03  Probe  
  47  4:13  Probe  
  47  4:15  Probe  
  48  4:24  Twilight Council  
  48  4:26  Probe  
  48  4:27  Probe, Shield Battery  
  48  4:30  Stalker  
  49  4:38  Gateway, Probe  
  50  4:39  Probe  
  48  4:50  Probe  
  48  4:51  Probe  
  47  5:00  Blink (Chrono Boost)  
  47  5:02  Probe  
  47  5:03  Probe  
  41  5:08  Stalker x2  
  44  5:14  Probe  
  44  5:15  Probe  
  44  5:21  Pylon  
  46  5:23  Gateway  
  46  5:26  Probe  
  46  5:27  Probe  
  48  5:31  Pylon  
  48  5:33  Stalker x3  
  54  5:38  Probe  
  54  5:39  Probe  
  52  5:50  Pylon, Probe  
  52  5:51  Probe  
  52  5:56  Pylon  
  54  5:58  Stalker x2  
  54  5:59  Stalker  
  58  6:13  Nexus  
  58  6:22  Stalker x3  
  64  6:25  Probe  
  64  6:26  Probe  
  64  6:32  Pylon  
  66  6:34  Assimilator  
  66  6:40  Probe x2  
  68  6:47  Stalker x2  
  68  6:53  Pylon  
  72  6:55  Stalker  
  72  6:56  Probe  
  72  7:00  Probe  
  75  7:03  Pylon  
  72  7:08  Probe  
  72  7:10  Pylon  
  67  7:18  Probe  
Tags
 
Add a new tag
Caveats
  • Supply blocks, unpowered buildings, or Contaminate may cause inaccurate times.
  • Supply counts are checked every 10 seconds.